 Dungeon Crawl Stone Soup version 0.23.2-1-ga50397a6bc (webtiles) character file.

Game seed: 11750848213769030682

61 DildoBatman the Conjurer (level 4, 0/30 HPs)
             Began as a Formicid Wizard on Apr 22, 2019.
             Was an Initiate of Kikubaaqudgha.
             Slain by an adder (4 damage)
             ... on level 2 of the Dungeon.
             The game lasted 00:03:42 (1428 turns).

DildoBatman the Conjurer (Formicid Wizard)          Turns: 1428, Time: 00:03:43

Health: 0/30       AC:  5    Str: 12    XL:     4   Next: 27%
Magic:  2/8        EV: 12    Int: 18    God:    Kikubaaqudgha [......]
Gold:   78         SH:  0    Dex:  9    Spells: 8/9 levels left

rFire    . . .     SeeInvis +   b - +0 short sword
rCold    . . .     Gourm    .   (no shield)
rNeg     . . .     Faith    .   a - +0 robe
rPois    .         Spirit   .   (helmet unavailable)
rElec    .         Reflect  .   (no cloak)
rCorr    .         Harm     .   (no gloves)
MR       .....                  (no boots)
Stlth    ++........             t - amulet of inaccuracy (curse)
HPRegen  0.10/turn              u - +2 ring of slaying
MPRegen  0.11/turn              n - +3 ring of protection

@: no status effects
A: permanent stasis, dig shafts and tunnels, four strong arms, antennae 3
a: Dig, Shaft Self, Renounce Religion


You were on level 2 of the Dungeon.
You worshipped Kikubaaqudgha.
Kikubaaqudgha was noncommittal.
You were not hungry.

You visited 1 branch of the dungeon, and saw 2 of its levels.

You collected 78 gold pieces.

Inventory:

Hand Weapons
 b - a +0 short sword (weapon)
Missiles
 c - 26 stones (quivered)
 d - 21 arrows
 k - 8 bolts
Armour
 a - a +0 robe (worn)
Jewellery
 e - an uncursed ring of resist corrosion
 n - a +3 ring of protection (right hand)
 t - a cursed amulet of inaccuracy (around neck)
 u - a +2 ring of slaying (left hand)
Scrolls
 m - a scroll of blinking
 s - 2 scrolls of teleportation
Potions
 g - a potion of curing {unknown}
 j - a potion of mutation {unknown}
 l - a potion of lignification {unknown}
 o - 2 potions of agility {unknown}
 p - 2 potions of heal wounds {unknown}
 r - a potion of haste {unknown}
Comestibles
 q - 3 chunks of flesh
 v - 3 rations


   Skills:
 - Level 1.7 Dodging
 - Level 2.4 Stealth
 - Level 3.2 Spellcasting
 * Level 3.4 Conjurations
   Level 1.0 Summonings
   Level 0.8 Translocations


You had 8 spell levels left.
You knew the following spells:

 Your Spells              Type           Power        Failure   Level  Hunger
c - Magic Dart            Conj           ###.         3%          1    None

Your spell library contained the following spells:

 Spells                   Type           Power        Failure   Level  Hunger
 Call Imp                 Summ           #.......     16%         2    ##.....
 Slow                     Hex            #.......     24%         2    ##.....
 Conjure Flame            Conj/Fire      #.......     24%         3    ###....
 Mephitic Cloud           Conj/Pois/Air  #.......     30%         3    ###....
 Blink                    Tloc           Unusable     N/A         2    N/A

Dungeon Overview and Level Annotations

Branches:
Dungeon (2/15)

Altars:
Kikubaaqudgha
Ru
Xom


Innate Abilities, Weirdness & Mutations

You cannot be hasted, slowed, berserked, paralysed or teleported.
You can dig through walls and to a lower floor.
Your four strong arms can wield two-handed weapons with a shield.
You have a pair of large antennae on your head. (SInv)


Message History

As you read the scroll labeled VIPPAD CICK, it crumbles to dust.
You assume a fearsome visage.
The adder looks frightened!
It was a scroll of fear.
You feel sick.
You are no longer poisoned.
As you read the scroll labeled GIS BEOTEM, it crumbles to dust.
It is a scroll of amnesia.
Okay, then.
You see here a scroll labeled KEVEGA RURRISAY.
An adder comes into view.
You closely miss the adder.
The adder is lightly wounded.
The adder hisses angrily.
The adder bites you.
You miss the adder. The adder barely misses you. The adder bites you.
You die...
Kikubaaqudgha rasps: "You have failed me!
Welcome... death!"

###
.?....$.......#
#
#######?###...#
# #.# .. #.#
#.# #.# #.#
#####.# #S@...#
#.##### #. #S
#. #. #. #.


You could see 2 adders.

Vanquished Creatures
  3 adders (D:2)
  2 leopard geckos (D:1)
  7 goblins
  3 hobgoblins
  A quokka (D:2)
  5 bats
  4 frilled lizards
  3 kobolds (D:1)
  6 rats
34 creatures vanquished.

Notes
Turn   | Place    | Note
-------+----------+-------------------------------------------
     0 | D:1      | DildoBatman the Formicid Wizard began the quest for the
                  | Orb.
     0 | D:1      | Reached XP level 1. HP: 13/13 MP: 4/4
     2 | D:1      | Reached skill level 1 in Conjurations
   280 | D:1      | Reached XP level 2. HP: 19/19 MP: 3/6
   857 | D:1      | Reached XP level 3. HP: 24/24 MP: 5/7
  1190 | D:2      | Found a shimmering altar of Xom.
  1193 | D:2      | Found an ancient bone altar of Kikubaaqudgha.
  1197 | D:2      | Became a worshipper of Kikubaaqudgha
  1201 | D:2      | Found a sacrificial altar of Ru.
  1385 | D:2      | Reached XP level 4. HP: 30/30 MP: 2/8
  1428 | D:2      | Slain by an adder

Skill      XL: |  1  2  3 |
---------------+----------+-----
Conjurations   | 1 2 3 |  3.4
Dodging        | |  1.7
Stealth        | |  2.4
Spellcasting   | |  3.2
Summonings     | |  1.0
Translocations | |  0.8

Action                   |  1- 3 |  4- 6 || total
-------------------------+-------+-------++-------
Melee: Short sword       |    15 |    15 ||    30
 Cast: Magic Dart        |    60 |     6 ||    66
  Use: Scroll            |       |     4 ||     4
 Stab: Sleeping          |     3 |       ||     3
  Eat: Chunk             |     1 |       ||     1
Armor: Robe              |     7 |     6 ||    13
Dodge: Dodged            |    17 |    11 ||    28
